 Dungeon Crawl Stone Soup version 0.17-a0-1691-g18a3847 (webtiles) character file.

10236 wvc the Carver (level 11, 0/85 HPs)
             Began as a Centaur Fighter on Aug 20, 2015.
             Was a High Priest of Okawaru.
             Slain by a spiny frog (17 damage)
             ... on level 2 of the Lair of Beasts.
             The game lasted 00:29:15 (13238 turns).

wvc the Carver (Centaur Fighter)                   Turns: 13238, Time: 00:29:15

Health: 0/85       AC: 14    Str: 18    XL:     11   Next: 33%
Magic:  12/12      EV:  6    Int:  7    God:    Okawaru [*****.]
Gold:   327        SH:  9    Dex: 15    Spells: 0 memorised, 10 levels left

rFire  + . .     SeeInvis .     a - +3 long sword (flame)
rCold  + . .     Clarity  .     A - +3 scale mail
rNeg   . . .     SustAt   .     c - +0 shield
rPois  .         Gourm    .     t - +0 helmet
rElec  .         Spirit   .     I - +1 cloak {+Inv}
rCorr  .         Warding  .     F - +0 pair of gloves
rMut   .         Stasis   .     (no barding)
MR     .....                    i - amulet of faith
Stlth  ..........               (no ring)
                                n - ring of protection from fire

@: very quick, not resistant to hostile enchantments, extremely unstealthy
A: hooves 3, agile 1, cold resistance 1, deformed body, speed 2, screaming 1,
tough skin 3
a: Heroism, Finesse, Renounce Religion, Evoke Invisibility


You were on level 2 of the Lair of Beasts.
You worshipped Okawaru.
Okawaru was extremely pleased with you.
You were hungry.

You visited 2 branches of the dungeon, and saw 10 of its levels.

You collected 664 gold pieces.
You spent 337 gold pieces at shops.

Inventory:

Hand weapons
 a - a +3 long sword of flaming (weapon)
 j - the cursed +1 quarterstaff "Pix Voxzoal" {crush, Int+4, unknown}
   (You found it on level 2 of the Lair of Beasts)

   It inflicts extra damage upon your enemies.
   It affects your intelligence (+4).
   It has a curse placed upon it.
 D - a +8 quick blade
Missiles
 H - 5 javelins (quivered)
Armour
 c - a +0 shield (worn)
 m - a +0 mottled dragon armour
 t - a +0 helmet (worn)
 A - a +3 scale mail (worn)
 F - a +0 pair of gloves (worn)
 I - a +1 cloak of invisibility (worn)
Jewellery
 i - an amulet of faith (around neck)
 n - a ring of protection from fire (left hand)
 u - an uncursed ring of fire
Magical devices
 b - a wand of polymorph (16)
 g - a wand of draining (6)
 r - a wand of slowing (24)
 v - a wand of polymorph (3)
 w - a wand of paralysis (8)
Scrolls
 p - 6 scrolls of remove curse
 q - a scroll of enchant armour
 y - a scroll of recharging
 B - 2 scrolls of blinking
 E - 2 scrolls of fog
 G - a scroll of magic mapping
Potions
 d - a potion of magic
 h - 2 potions of berserk rage
 k - a potion of flight
 l - 5 potions of brilliance
 s - a potion of heal wounds {unknown}
 x - 3 potions of agility
Books
 f - a Grand Grimoire

   Spells                             Type                      Level
   a - Monstrous Menagerie            Summoning                    6
   b - Summon Greater Demon           Summoning                    7
   c - Malign Gateway                 Summoning/Translocation      7
   d - Summon Horrible Things         Summoning                    8
 C - a book of Conjurations

   Spells                             Type                      Level
   a - Magic Dart                     Conjuration                  1
   b - Searing Ray                    Conjuration                  2
   c - Dazzling Spray                 Conjuration/Hexes            3
   d - Fulminant Prism                Conjuration/Hexes            4
   e - Iskenderun's Mystic Blast      Conjuration                  4
   f - Iskenderun's Battlesphere      Conjuration/Charms           5
Comestibles
 e - 6 bread rations
 z - 5 chunks of flesh


   Skills:
 + Level 4.5 Fighting
 - Level 14.4 Long Blades
 + Level 3.1 Armour
 + Level 1.6 Dodging
 * Level 3.8 Shields
 - Level 2.4 Invocations
 - Level 1.0 Evocations


You had 10 spell levels left.
You didn't know any spells.

Dungeon Overview and Level Annotations

Branches:
Dungeon (8/15)             Temple (0/1) D:6            Lair (2/8) D:8

Altars:
Cheibriados
Kikubaaqudgha
Okawaru
Qazlal
Yredelemnul

Shops:
D:8 [

Annotations:
D:3 1 runed door


Innate Abilities, Weirdness & Mutations

You have hooves in place of feet.
Armour fits poorly on your strangely shaped body.
You cover ground very quickly.
You have extremely tough skin (AC +3).
You are agile. (Dex +2)
Your flesh is cold resistant.
You occasionally shout uncontrollably at your foes.


Message History

You feel sick. You block the spiny frog's attack.
You hit the spiny frog. You burn the spiny frog.
The spiny frog is heavily wounded.
You feel sick.
You hit the spiny frog. You burn the spiny frog.
The spiny frog is heavily wounded.
You feel sick. The spiny frog stings you!!
You are lethally poisoned!
The spiny frog poisons you!
You hit the spiny frog. You burn the spiny frog. You kick the spiny frog.
The spiny frog is severely wounded.
* * * LOW HITPOINT WARNING * * *
You feel sick. The spiny frog stings you!
* * * LOW HITPOINT WARNING * * *
You are too injured to fight recklessly!
You are too injured to fight recklessly!
You are too injured to fight recklessly!
Drink which item? (? for menu, Esc to quit)
You feel better. The spiny frog barely misses you. The spiny frog stings you!
You die...

....# .≈≈≈≈≈.... .#...
.≈≈≈≈≈≈≈.#.#
....#..≈≈≈≈≈≈≈...##
.....#.≈≈≈≈≈;.....#####.
........≈≈≈.............
.......#......P..####.#
....#.#.P........##
#.........#.####FP#
......#.....# #.@##
....#....##.###...##
....####.##.#.#...P##.
....# #.#...........#
...## #................
...# #..#.............#
...# #..).........##...
...# #.........#.## ...
....# #.#.....###... ..


You could see a spiny frog and an electric eel.

Vanquished Creatures
  Erolcha (D:8)
  A queen ant (Lair:1)
  The ghost of Zebura the Bludgeoner, an experienced OgBe of Trog (Lair:1)
  The ghost of karlkraus the Shield-Bearer, an experienced MiFi of Qazlal (D:6)
  An elephant (D:7)
  2 spiny frogs (Lair:1)
  3 komodo dragons
  Grinder (D:5)
  9 blink frogs (Lair:1)
  A yak (D:7)
  A hippogriff (D:5)
  Menkaure (D:5)
  A steam dragon (D:5)
  2 water moccasins
  5 soldier ants (Lair:1)
  A porcupine (Lair:1)
  An ice beast (D:5)
  A phantom (D:5)
  A sky beast (D:7)
  6 crocodiles
  A centaur (D:7)
  An ogre (D:5)
  9 giant frogs
  2 scorpions
  Dowan (D:5)
  A water moccasin skeleton (D:8)
  A crimson imp (D:6)
  An orc priest (D:3)
  Crazy Yiuf (D:3)
  A human zombie (D:3)
  Ijyb (D:3)
  A jelly (D:8)
  3 hounds
  Jessica (D:3)
  2 giant frog skeletons
  4 orc wizards
  2 iguanas
  28 worker ants
  A killer bee zombie (D:7)
  A sheep (D:7)
  A hound skeleton (D:6)
  Robin (D:4)
  9 river rats (Lair:1)
  7 gnolls
  3 adders
  A shadow imp (D:7)
  A giant eyeball (D:5)
  An ooze (D:3)
  2 adder skeletons
  7 worms
  27 orcs
  8 bats
  11 goblins
  16 hobgoblins
  8 jackals
  4 quokkas
  3 ball pythons
  10 giant cockroaches
  6 giant geckos
  4 giant newts
  A jackal skeleton (D:3)
  A jackal zombie (D:6)
  5 kobolds
  A kobold zombie (D:3)
  2 quokka skeletons
  A quokka zombie (D:5)
  3 rats
248 creatures vanquished.

Vanquished Creatures (others)
  A human (D:2)
  A plant (Lair:1)
2 creatures vanquished.

Grand Total: 250 creatures vanquished

Notes
Turn   | Place    | Note
--------------------------------------------------------------
     0 | D:1      | wvc the Centaur Fighter began the quest for the Orb.
     0 | D:1      | Reached XP level 1. HP: 19/19 MP: 1/1
   120 | D:1      | Found an iron altar of Okawaru.
   126 | D:1      | Became a worshipper of Warmaster Okawaru
   159 | D:1      | Reached XP level 2. HP: 26/26 MP: 2/2
   934 | D:2      | Reached XP level 3. HP: 23/31 MP: 3/3
  1043 | D:2      | Found a snail-covered altar of Cheibriados.
  1148 | D:2      | Found an ancient bone altar of Kikubaaqudgha.
  1169 | D:2      | Noticed a human
  1171 | D:2      | Killed a human
  2067 | D:3      | Reached XP level 4. HP: 38/38 MP: 4/4
  2293 | D:3      | Reached skill level 4 in Long Blades
  2750 | D:2      | Reached XP level 5. HP: 43/45 MP: 5/5
  2783 | D:3      | Noticed Ijyb
  2798 | D:3      | Killed Ijyb
  2798 | D:3      | Reached skill level 5 in Long Blades
  3311 | D:3      | Found a runed door.
  3311 | D:3      | Noticed a human
  3331 | D:3      | Found a basalt altar of Yredelemnul.
  3339 | D:3      | Noticed Jessica
  3345 | D:3      | Killed Jessica
  3345 | D:3      | Acquired Okawaru's first power
  3345 | D:3      | Reached XP level 6. HP: 36/51 MP: 6/6
  3359 | D:3      | Found a stormy altar of Qazlal.
  3453 | D:3      | Noticed Crazy Yiuf
  3468 | D:3      | Killed Crazy Yiuf
  3929 | D:4      | Reached skill level 6 in Long Blades
  4079 | D:4      | Reached skill level 1 in Evocations
  4176 | D:4      | Noticed Robin
  4229 | D:4      | Killed Robin
  4665 | D:5      | Entered Level 5 of the Dungeon
  4933 | D:5      | Noticed Menkaure
  5175 | D:5      | Killed Menkaure
  5175 | D:5      | Reached skill level 7 in Long Blades
  5175 | D:5      | Reached XP level 7. HP: 12/57 MP: 4/7
  5466 | D:5      | Noticed Grinder
  5478 | D:5      | Killed Grinder
  5717 | D:5      | Noticed Dowan
  5740 | D:5      | Killed Dowan
  5740 | D:5      | Reached skill level 8 in Long Blades
  6001 | D:5      | Noticed Duvessa
  6003 | D:5      | Noticed Duvessa
  6003 | D:5      | Duvessa changed into Duvessa the giant eyeball
  6008 | D:5      | Paralysed by Duvessa for 3 turns
  6013 | D:5      | Killed Duvessa the giant eyeball
  6019 | D:5      | Noticed Eustachio
  6020 | D:5      | Noticed Eustachio
  6020 | D:5      | Eustachio changed into Eustachio the steam dragon
  6027 | D:5      | Killed Eustachio the steam dragon
  6075 | D:5      | Reached XP level 8. HP: 55/63 MP: 8/8
  6134 | D:5      | Noticed a hippogriff
  6146 | D:5      | Killed a hippogriff
  6300 | D:5      | Reached skill level 9 in Long Blades
  6841 | D:6      | Noticed karlkraus's ghost (experienced MiFi)
  6852 | D:6      | Killed karlkraus's ghost
  6852 | D:6      | Reached skill level 10 in Long Blades
  6852 | D:6      | Reached skill level 1 in Invocations
  6929 | D:6      | Found a staircase to the Ecumenical Temple.
  7002 | D:6      | Reached XP level 9. HP: 63/69 MP: 9/9
  8289 | D:7      | Acquired Okawaru's second power
  8289 | D:7      | Reached skill level 11 in Long Blades
  8297 | D:7      | Gained mutation: Your flesh is cold resistant. [mutagenic meat]
  8298 | D:7      | Gained mutation: You are agile. (Dex +2) [mutagenic meat]
  8299 | D:7      | Gained mutation: You occasionally shout uncontrollably at your foes. [mutagenic meat]
  9123 | D:8      | Found a staircase to the Lair.
  9124 | D:8      | Noticed an elephant
  9284 | D:7      | Killed an elephant
  9284 | D:7      | Reached skill level 12 in Long Blades
  9664 | D:8      | Received a gift from Okawaru
  9957 | D:8      | Found Fienu's Antique Armour Boutique.
  9960 | D:8      | Bought a pair of gloves for 112 gold pieces
  9960 | D:8      | Bought a bronze ring mail for 225 gold pieces
  9975 | D:8      | Identified the cursed +0 ring mail of the Rabble {MP+9} (You bought it in a shop on level 8 of the Dungeon)
 10025 | D:8      | Noticed Erolcha
 10034 | D:8      | Killed Erolcha
 10034 | D:8      | Reached XP level 10. HP: 77/77 MP: 11/11
 10428 | Lair:1   | Entered Level 1 of the Lair of Beasts
 10492 | Lair:1   | Reached skill level 13 in Long Blades
 10698 | Lair:1   | Noticed Zebura's ghost (experienced OgBe)
 10734 | Lair:1   | Killed Zebura's ghost
 10784 | Lair:1   | Received a gift from Okawaru
 10784 | Lair:1   | Reached skill level 14 in Long Blades
 11816 | Lair:1   | Reached skill level 1 in Dodging
 11821 | Lair:1   | Reached XP level 11. HP: 75/83 MP: 12/12
 12386 | Lair:1   | Noticed a queen ant
 12409 | Lair:1   | Killed a queen ant
 12913 | Lair:2   | Got a fine quarterstaff
 13238 | Lair:2   | Slain by a spiny frog

Vault maps used:
D:1:      erik_arrival_cave_to_civilisation, okawaru_ov_weapons_minmay
D:2:      lemuel_round_altar, first_bread, hangedman_feature_mirror,
          tgw_kikubaaqudgha
D:3:      nicolae_overflow_hidden_temple, dk_yredelemnul_ordeal,
          uniq_crazy_yiuf_cottage, uniq_iyjb, uniq_jessica
D:4:      uniq_robin
D:5:      kennysheep_generic_room_8, uniq_eustachio, uniq_duvessa, uniq_grinder,
          uniq_menkaure
D:6:      minmay_temple_entry_butterflies, serial_co_window_serial,
          co_window_paths_a, co_window_paths_b, co_window_corner_a,
          co_window_corner_a, co_window_of_opportunity_a, co_window_corner_cb,
          co_window_corner_cb, co_window_of_opportunity_b, co_window_paths_c,
          co_window_corner_cb, co_window_unsneaky_path_c, glass_columns_c
D:8:      david_lair_generic, serial_shops, kennysheep_mini, uniq_erolcha
Lair:1:   zaba_antful_of_joy
Lair:2:   special_room, serial_bayou_shore_a, infiniplex_staircase_pool,
          uniq_sonja, uniq_harold

Action                   |  1- 3 |  4- 6 |  7- 9 | 10-12 || total
-------------------------+-------+-------+-------+-------++-------
Melee: Long sword        |   147 |   245 |   335 |   264 ||   991
Throw: Throwing net      |       |       |     1 |       ||     1
Invok: Heroism           |       |     1 |     3 |     5 ||     9
Evoke: Wand              |       |    10 |     4 |       ||    14
  Use: Scroll            |     7 |     6 |    11 |     3 ||    27
       Potion            |       |     1 |     1 |     1 ||     3
  Eat: Chunk             |     3 |     1 |     9 |     2 ||    15
       Beef jerky        |       |     1 |       |       ||     1
       Fruit             |       |     3 |     3 |       ||     6
       Bread ration      |       |     1 |       |     1 ||     2
       Pizza             |       |       |     1 |     1 ||     2
       Meat ration       |       |       |     1 |       ||     1
